 Dungeon Crawl Stone Soup version 0.17-a0-1150-g17b0b87 (webtiles) character file.

259 Engwar the Insei (level 6, -1/38 HPs)
             Began as an Octopode Transmuter on May 27, 2015.
             Slain by a centaur
             ... wielding a +0 whip
              (2 damage)
             ... on level 4 of the Dungeon.
             The game lasted 00:14:50 (3936 turns).

Engwar the Insei (Octopode Transmuter)              Turns: 3936, Time: 00:14:50

Health: -1/38      AC:  1    Str:  9    XL:     6   Next: 17%
Magic:  9/9        EV: 18    Int: 18    God:
Gold:   154        SH:  0    Dex: 17    Spells: 3 memorised, 1 level left

rFire  . . .     SeeInvis .       - Unarmed
rCold  + . .     Clarity  .     (no shield)
rNeg   . . .     SustAt   .     (helmet restricted)
rPois  .         Gourm    .     (no amulet)
rElec  .         Spirit   .     d - ring of protection from cold
rCorr  .         Warding  .     (no ring)
rMut   .         Stasis   .     (no ring)
MR     .....                    (no ring)
Stlth  +++++.....               (no ring)
                                (no ring)
                                (no ring)
                                (no ring)

@: agile, not resistant to hostile enchantments, quite stealthy
A: almost no armour, amphibious, 8 rings, constrict 8, camouflage 1, gelatinous
body 1
a: no special abilities


You were on level 4 of the Dungeon.
You were not hungry.

You visited 1 branch of the dungeon, and saw 4 of its levels.

You collected 154 gold pieces.

Inventory:

Missiles
 a - 65 arrows
 m - 79 stones (quivered)
Jewellery
 d - a ring of protection from cold (left tentacle)
Scrolls
 e - 2 scrolls of amnesia
 h - a scroll of enchant weapon
 i - 3 scrolls of remove curse
 k - 5 scrolls of identify
 o - a scroll of teleportation
 q - a scroll of blinking
Potions
 l - a potion of invisibility
 n - a potion of might
Books
 b - a book of Changes

   Spells                             Type                      Level
   a - Beastly Appendage              Transmutation                1
   b - Sticks to Snakes               Transmutation                2
   c - Spider Form                    Transmutation/Poison         3
   d - Ice Form                       Ice/Transmutation            4
   e - Blade Hands                    Transmutation                5
Comestibles
 c - 3 bread rations


   Skills:
 - Level 1.0 Fighting
 - Level 2.0 Dodging
 - Level 3.9 Stealth
 - Level 4.5 Unarmed Combat
 - Level 2.0 Spellcasting
 * Level 4.3 Transmutations


You had one spell level left.
You knew the following spells:

 Your Spells              Type           Power        Failure   Level  Hunger
a - Beastly Appendage     Trmt           ###...       3%          1    #......
b - Sticks to Snakes      Trmt           ###.......   6%          2    ###....
c - Blade Hands           Trmt           ###.......   87%         5    ######.


Dungeon Overview and Level Annotations

Branches:
Dungeon (4/15)
 Temple: D:4-7

Altars:
Nemelex Xobeh
Qazlal
Sif Muna
Trog


Innate Abilities, Weirdness & Mutations

You cannot wear most types of armour.
You are amphibious.
You can wear up to eight rings at the same time.
You can use your tentacles to constrict eight enemies at once.
Your skin changes colour to match your surroundings (Stealth).
Your rubbery body absorbs attacks (AC +1).


Message History

The centaur unwields an uncursed shortbow.
The centaur wields an uncursed whip.
The centaur hits you with an uncursed whip.
You tentacle-slap the centaur.
The centaur is lightly wounded.
The centaur hits you with an uncursed whip!
* * * LOW HITPOINT WARNING * * *
The centaur hits you with an uncursed whip.
* * * LOW HITPOINT WARNING * * *
You barely miss the centaur.
The centaur is lightly wounded.
The centaur hits you with an uncursed whip.
* * * LOW HITPOINT WARNING * * *
Drink which item? (? for menu, Esc to quit)
You feel agile all of a sudden. The centaur completely misses you.
You tentacle-slap the centaur. You squeeze the centaur.
The centaur is heavily wounded.
The centaur hits you with an uncursed whip.
You die...

#.# ###.....###........... #.#
#.........#........... #.#
#.#......##..(....#.##
#.#######.###....##.......#.#
#.......#.# #....##.c.....#.#*
#######.#.###.............#..#
#....##.....(..(........
#######c##############.. #@#
*****##. #.# ***,,,,...
*****#(# *,,,,**### *,,,*#<#
*,,,,* * *,,,*###** *,,<,* *
*,,,,,,,,* ****** # *,,,,,,,,*
***** *,,,,,,,,**** #$..#
*,,,,,>,,,,,* #...#


You could see a centaur.

Vanquished Creatures
  A scorpion (D:4)
  An orc wizard (D:4)
  A giant frog skeleton (D:4)
  2 worker ants (D:4)
  A gnoll (D:1)
  An adder (D:2)
  An ooze (D:4)
  An adder skeleton (D:4)
  2 worms (D:2)
  2 giant geckos
  6 orcs
  10 bats
  3 giant cockroaches
  4 goblins
  6 hobgoblins
  18 jackals
  8 kobolds
  A quokka (D:3)
  A ball python (D:1)
  A giant gecko skeleton (D:4)
  5 giant newts
  10 rats
86 creatures vanquished.

Notes
Turn   | Place    | Note
--------------------------------------------------------------
     0 | D:1      | Engwar the Octopode Transmuter began the quest for the Orb.
     0 | D:1      | Reached XP level 1. HP: 13/13 MP: 3/3
   245 | D:1      | Reached XP level 2. HP: 13/18 MP: 5/5
   611 | D:1      | Reached skill level 1 in Stealth
  1026 | D:1      | Reached XP level 3. HP: 23/23 MP: 4/6
  1167 | D:2      | Reached skill level 4 in Unarmed Combat
  2014 | D:2      | Found a stormy altar of Qazlal.
  2015 | D:2      | Found a deep blue altar of Sif Muna.
  2018 | D:2      | Found a sparkling altar of Nemelex Xobeh.
  2204 | D:3      | Reached XP level 4. HP: 26/28 MP: 7/7
  2244 | D:3      | Learned a level 2 spell: Sticks to Snakes
  3053 | D:4      | Reached XP level 5. HP: 30/33 MP: 6/8
  3065 | D:4      | Found a bloodstained altar of Trog.
  3336 | D:4      | Learned a level 5 spell: Blade Hands
  3639 | D:4      | Reached XP level 6. HP: 18/38 MP: 1/9
  3668 | D:4      | Noticed a centaur
  3934 | D:4      | HP: 1/38 [centaur/uncursed whip (4)]
  3936 | D:4      | Slain by a centaur

Vault maps used:
D:1:      eino_arrival_water_star
D:2:      minitemple
D:4:      minmay_temple_entry_mist, first_bread, glass_columns_b, bloody_trog

Action                   |  1- 3 |  4- 6 || total
-------------------------+-------+-------++-------
Melee: Unarmed           |    77 |   128 ||   205
Throw: Stone             |       |     2 ||     2
 Cast: Beastly Appendage |     3 |     7 ||    10
       Sticks to Snakes  |       |     5 ||     5
  Use: Scroll            |       |    12 ||    12
       Potion            |       |     3 ||     3
 Stab: Sleeping          |     6 |     3 ||     9
  Eat: Chunk             |     4 |     5 ||     9
       Pizza             |       |     1 ||     1

Vault maps used:
D:1:      eino_arrival_water_star
D:2:      minitemple
D:4:      minmay_temple_entry_mist, first_bread, glass_columns_b, bloody_trog
